[Event "British Rapidplay Championship 2023"]
[Site "Mercure Bradford, Bankfield Hotel"]
[Date "2023.04.15"]
[Round "3.18"]
[White "Nicholson, Jim WR"]
[Black "Keerthi Kumar, Advait"]
[Result "1-0"]
[TimeControl "15 minutes plus 10 seconds per move"]
[WhiteElo "1958"]
[BlackElo "1742"]

1. d4 Nf6 2. Nf3 g6 3. Bg5 Bg7 4. Nbd2 O-O 5. c3 d6 6. e4 b6 7. Bd3 c5 8.
dxc5 bxc5 9. O-O Bb7 10. Qe2 Nc6 11.
Rfe1 Qd7 12. Rad1 Rad8 13. Bb5 h6 14. Bh4 Qc7 15. Nc4 a6 16. Ba4 Na5 17. Bc2 Nxc4 18. Qxc4 d5 19. exd5 Bxd5 20. Qe2 Rfe8 21. a3 Ng4 22.
Bg3 Qb7 23. Nh4 Nf6 24. Bd3 Ra8 25. Bc4 e6 26. Be5 g5 27. Nf3 a5 28. Bb5 Red8 29. a4 Ne8 30. Bxg7 Nxg7 31. c4 Bxf3 32. gxf3 Nf5 33. Qe4 Qc7 34. Qg4 Nd4 35. Kg2 Kh8 36.
Qh5 Kh7 37. Qg4 Rg8 38. Qe4+ Rg6 39. Rxd4 cxd4 40. Qxa8 g4 41. Qe4 gxf3+ 42. Kxf3 Qxh2 43. Ke2 Qh5+ 44. Kd2 Qg5+ 45. Kc2 Qc5 46.
Qd3 Kh8 47. Rh1 Rf6 48. Qd2 d3+ 49. Kb1 h5 50. Qxd3 Kg7 51. Rg1+ Rg6 52. Rxg6+ fxg6 53. Be8 Qg5 54. Qd7+ Kh6 55. Qxe6 h4 56. Qg8 Qf5+ 57.
Ka2 Kg5 58. Qd5 h3 59. Bc6 h2 60. Qg2+ Kf6 61. Qxh2 Kg7 62. Qg2 Qf4 63. Be4 Qf7 64. Qxg6+ 1-0

[Event "British Rapidplay Championship 2023"]
[Site "Mercure Bradford, Bankfield Hotel"]
[Date "2023.04.15"]
[Round "3.19"]
[White "Eckersley-Waites, Tom"]
[Black "Ganti, Shriaansh"]
[Result "1-0"]
[TimeControl "15 minutes plus 10 seconds per move"]
[WhiteElo "2304"]
[BlackElo "1831"]

1. e4 c6 2. d4 d5 3. e5 c5 4. dxc5 Nc6 5. a3 Nxe5 6.
b4 Nf6 7. Bb2 Ng6 8. Nf3 a6 9. Bd3 Bg4 10. h3 Bxf3 11. Qxf3 e6 12. g4 Nh4 13. Qg3 Ne4 14. Bxe4 dxe4 15.
Nd2 Be7 16. Nxe4 Qd5 17. Qd3 Qc6 18. O-O-O O-O 19. Qc3 f6 20. Qc4 b5 21. Qe2 f5 22. Nd6 Bxd6 23. Qxe6+ Kh8 24. Qxd6 Qg2 25.
Qh6 Rf7 26. Qxh4 Kg8 27. gxf5 h6 28. Rhg1 Qf3 29. Qxh6 1-0

[Event "British Rapidplay Championship 2023"]
[Site "Mercure Bradford, Bankfield Hotel"]
[Date "2023.04.15"]
[Round "3.20"]
[White "Ciuravin, Andrei"]
[Black "Sasikumar, Srivathsan"]
[Result "1-0"]
[TimeControl "15 minutes plus 10 seconds per move"]
[WhiteElo "2185"]
[BlackElo "1798"]

1. d4 Nf6 2. Bg5 d5 3. Bxf6 exf6 4.
e3 Bd6 5. Nd2 O-O 6. Ne2 Re8 7. g3 c6 8. Bg2 Bf5 9. O-O Qd7 10. c4 Bh3 11. cxd5 Bxg2 12. Kxg2 cxd5 13. Nc3 Nc6 14.
Nxd5 Bxg3 15. Nxf6+ gxf6 16. hxg3 f5 17. Qf3 Kg7 18. Rac1 Rac8 19. Rc5 Ne7 20. Nb3 b6 21. Rcc1 Nd5 22.
Rh1 Qb7 23. Rhe1 h5 24. Kh2 h4 25. gxh4 Re4 26. Rg1+ Kf6 27. Qh5 Qb8+ 28. Rg3 1-0

[Event "British Rapidplay Championship 2023"]
[Site "Mercure Bradford, Bankfield Hotel"]
[Date "2023.04.15"]
[Round "3.21"]
[White "Holi, Siefaldin A"]
[Black "Hutchinson, Paul A"]
[Result "0-1"]
[TimeControl "15 minutes plus 10 seconds per move"]
[WhiteElo "1818"]
[BlackElo "2184"]

1. d4 d5 2. c4 e6 3. a3 a5 4.
Nc3 Nf6 5. Nf3 Nbd7 6. Ne5 Nxe5 7. dxe5 Nd7 8. Bf4 c6 9. e3 g5 10. Bg3 h5 11. h4 g4 12. Bd3 Bg7 13. cxd5 exd5 14.
e6 fxe6 15. Bg6+ Kf8 16. O-O Kg8 17. f3 Qf6 18. Qc2 Rh6 19. Bd3 gxf3 20. Rxf3 Qe7 21. Raf1 Nf6 22. Bf4 Rh8 23. Bg5 e5 24.
Rg3 Bg4 25. Bf5 Qd6 26. Bxf6 e4 27. Qf2 Qxf6 28. Bxg4 Qxf2+ 29. Rxf2 hxg4 30. Rxg4 Rf8 31. Ne2 Rxf2 32. Kxf2 Kf7 33. b3 b5 34. Ng3 Bb2 35. a4 bxa4 36. bxa4 Kf6 37. Rf4+ Ke6 38. Rf5 Rxh4 39. Rg5 Rh8 40.
Rg6+ Kd7 41. Nf5 Be5 42. Ke2 c5 43. Ra6 Bc7 44. Ra7 Rg8 45. Kf2 Rf8 46. g4 Rg8 47. Nh6 Rg6 48. Nf7 Rf6+ 49.
Kg2 Rxf7 50. Kh3 Rh7+ 51. Kg2 Rh2+ 52. Kg1 Rh4 53. Kg2 Rxg4+ 54. Kf2 c4 55. Ke2 Rg2+ 56. Kd1 Ra2 57. Kc1 Rxa4 58. Kc2 Ra3 59.
Kd2 Rd3+ 60. Ke2 c3 61. Ra6 c2 62. Rh6 c1=Q 63. Rh7+ Kc6 64. Rh6+ Kc5 65. Kf2 Qxe3+ 0-1

[Event "British Rapidplay Championship 2023"]
[Site "Mercure Bradford, Bankfield Hotel"]
[Date "2023.04.15"]
[Round "3.22"]
[White "Jackson, Sheila"]
[Black "Deepak Ambattu, Rithvik"]
[Result "0-1"]
[TimeControl "15 minutes plus 10 seconds per move"]
[WhiteElo "2140"]
[BlackElo "1782"]

1. e4 c5 2. c3 d5 3. exd5 Qxd5 4.
d4 g6 5. Nf3 Bg7 6. Be3 cxd4 7.
cxd4 Nf6 8. Nc3 Qd8 9. h3 O-O 10. Bc4 Nc6 11. a3 e6 12. O-O a6 13. Rc1 b5 14. Ba2 Bb7 15. Qd2 Rc8 16.
Rfd1 Ne7 17. Ne5 Ned5 18. Nxd5 Bxd5 19. Bb1 Bb7 20. Bg5 Qd5 21. f3 Qd6 22. Bf4 Nd5 23. Bh2 Qe7 24. Be4 Qh4 25.
Qf2 Qxf2+ 26. Kxf2 Bh6 27. f4 Rfd8 28. Rxc8 Rxc8 29. g3 Nc3 30. bxc3 Bxe4 31. Rc1 Bf8 32. Ke3 Bxa3 33. Ra1 Rxc3+ 34. Kf2 Bd5 35. Bg1 Rc2+ 36. Ke3 b4 37. Nd7 Bc1+ 38. Kd3 Rd2+ 39. Ke3 Rd1+ 40. Kf2 Be3+ 41. Kxe3 Rxa1 42. Bf2 b3 0-1

[Event "British Rapidplay Championship 2023"]
[Site "Mercure Bradford, Bankfield Hotel"]
[Date "2023.04.15"]
[Round "3.23"]
[White "Cuaresma, Bien"]
[Black "Quilter, Thomas A"]
[Result "1-0"]
[TimeControl "15 minutes plus 10 seconds per move"]
[WhiteElo "1798"]
[BlackElo "2134"]

1. e4 b6 2. Nc3 Bb7 3.
d4 e6 4.
Nf3 c5 5. d5 d6 6. Bb5+ Nd7 7. dxe6 fxe6 8. Ng5 Qe7 9. f4 O-O-O 10. O-O h6 11. Qh5 Ngf6 12. Qh3 Re8 13. e5 dxe5 14.
fxe5 Nxe5 15. Bxe8 hxg5 16. Qxh8 Qxe8 17. Bxg5 Nf7 18. Qh4 Qc6 19. Rf2 Be7 20. Bxf6 Bxf6 21. Qh5 Bd4 22. Qf3 Qxf3 23. gxf3 Ng5 24. Kf1 Nxf3 25. h3 e5 26. Ke2 e4 27.
Rg2 Ba6+ 28. Kd1 e3 29. a4 Nh4 30. Rg4 g5 31. Nb5 Bxb2 32. Rb1 Bf6 33. Nxa7+ Kd7 34. Nb5 Bb7 35. Ke2 Nf5 36. Rd1+ Nd4+ 37. Nxd4 cxd4 38.
Rdxd4+ Bxd4 39. Rxd4+ Ke6 40. Kxe3 Bg2 41. Rg4 Bxh3 42. Rxg5 Bf5 43. c4 Bc2 44. Rb5 Bxa4 45. Rxb6+ Ke5 46. Kd3 Be8 47. Kc3
Bd7 48. Kb4 Bg4 49. c5 Bf3 50. Rd6 Bd5 51. Kb5 Bf3 52. Kb6 Bg2 53. Kc7 Be4 54. Rd1 Bf3 55.
Rd2 Bh1 56. Kb6 Bd5 57. c6 Be6 58.
Re2+ Kd5 59. Rxe6 Kxe6 60. c7 Kd7 61. Kb7 1-0

[ePGN "0.1;DGT LiveChess/2.2.5"]

[Event "British Rapidplay Championship 2023"]
[Site "Mercure Bradford, Bankfield Hotel"]
[Date "2023.04.15"]
[Round "4.2"]
[White "Makkar, Rajat"]
[Black "Gormally, Daniel W"]
[Result "1/2-1/2"]
[TimeControl "15 minutes plus 10 seconds per move"]
[WhiteElo "2297"]
[BlackElo "2570"]

1. Nf3 Nf6 2. c4 g6 3. Nc3 Bg7 4. e4 e5 5. Nxe5 Qe7 6. Nf3 Nxe4 7. Nd5 Qd8 8. d3 Nc5 9. Bg5 f6 10.
Be3 Ne6 11. h4 h5 12. d4 f5 13. Ne5 Bxe5 14. dxe5 Kf7 15. Bd3 Nc6 16. Qc2 Ncd4 17. Qd2 d6 18. exd6 Qxd6 19. O-O-O c6 20. Nf4 Rd8 21. Rh3 c5 22.
Rg3 Nxf4 23. Bxf4 Qa6 24. Kb1 Be6 25. Bc7 Rg8 26.
Rc1 Rac8 27. Be5 Nc6 28. Bc3 Rcd8 29. Qh6 Nd4 30. Re3 b5 31. Rce1 Rd6 32. Be2 b4 33. Bxd4 cxd4 34. Re5 d3 35.
Bxd3 Rxd3 36. Rxe6 Rd1+ 37. Rxd1 Qxe6 38.
Qd2 a5 39. Qd7+ Qxd7 40. Rxd7+ Ke6 41. Ra7 Rd8 42. Rxa5 Rd2 43. Ra6+ Kf7 44. c5 Rxf2 45. c6 Ke6 46. c7+ Kd7 47. Rc6 Kc8 48. Rxg6 Kxc7 49. g3 f4 50. gxf4 Rxf4 51. Kc2 Rxh4 52. Rh6 Rh2+ 53. Kb3 h4 1/2-1/2

[Event "British Rapidplay Championship 2023"]
[Site "Mercure Bradford, Bankfield Hotel"]
[Date "2023.04.15"]
[Round "4.3"]
[White "Dong, Bao Nghia"]
[Black "Shaw, Peter"]
[Result "0-1"]
[TimeControl "15 minutes plus 10 seconds per move"]
[WhiteElo "2331"]
[BlackElo "2231"]

1. e4 d6 2. Nf3 Nf6 3. Nc3 c6 4. h3 e5 5. Be2 Be7 6. O-O O-O 7. a4 Re8 8. d3 Nbd7 9. Be3 d5 10.
exd5 cxd5 11. d4 e4 12. Ne5 Bd6 13. Ng4 Nxg4 14. hxg4 Qh4 15. f4 exf3 16. Rxf3 Bg3 17. Rxg3 Qxg3 18. Bf2 Qd6 19. Nb5 Qe7 20. Bf3 Nf6 21. Bg3 Qe3+ 22.
Bf2 Qf4 23. g3 Qb8 24. Nc3 Qd6 25. Kg2 Ne4 26. Be1 Nxc3 27. bxc3 Bd7 28. Bd2 Rac8 29. Rb1 b6 30. Ra1 a5 31.
Qb1 Rc4 32. Qb3 Qc6 33. Rb1 Re6 34. Kf2 Rxa4 35. Bxd5 Rf6+ 36. Kg2 Qxd5+ 37. Qxd5 Bc6 38. Qxc6 Rxc6 39. Rb5 Rac4 40. d5 R4c5 41. dxc6 Rxb5 42. Be3 Re5 43. Bxb6 a4 44. c7 Re8 45. Bc5 f6 46. Be7 Rc8 47.
Bd6 Kf7 48. Kf3 Ke6 49. Bb4 Rxc7 50.
Ke3 Rc4 51. Kf3 a3 0-1

[Event "British Rapidplay Championship 2023"]
[Site "Mercure Bradford, Bankfield Hotel"]
[Date "2023.04.15"]
[Round "4.4"]
[White "Wells, Peter K"]
[Black "Ackley, Peter JE"]
[Result "1-0"]
[TimeControl "15 minutes plus 10 seconds per move"]
[WhiteElo "2466"]
[BlackElo "2151"]

1. e4 d6 2. d4 g6 3. Nc3 c6 4. Be3 Nf6 5. Qd2 Nbd7 6. Nf3 Qc7 7. Bd3 e5 8. O-O Bg7 9. dxe5 dxe5 10.
a4 O-O 11. a5 Ng4 12. Bg5 Nc5 13. h3 Nf6 14. Bh6 Ne6 15. Bxg7 Kxg7 16. Ne2 Nh5 17. Qc3 f6 18. Rfd1 Nef4 19. Nxf4 Nxf4 20. Bf1 Be6 21. Kh2 Rfd8 22.
g3 Nh5 23. Be2 Kf7 24. b4 Rxd1 25. Rxd1 Rd8 26. Rxd8 Qxd8 27. Qe3 b6 28. Nd2 Ng7 29. Nc4 Bxc4 30. Bxc4+ Ne6 31. Qb3 Qd6 32. axb6 axb6 33. Qa2 b5 34.
Bb3 Ke7 35. h4 Nd8 36. c3 Qd3 37. Qa7+ Qd7 38. Qe3 Nf7 39. Qc5+ Nd6 40. Kg2 Ke8 41. Qe3 Nf7 42. Qe2 Kf8 43.
c4 Nd6 44. cxb5 cxb5 45. Qc2 Qc8 46. Qd2 Nc4 47. Qd5 Qe8 48. Bxc4 bxc4 49. Qxc4 f5 50. b5 f4 51. b6 fxg3 52. b7 1-0

[Event "British Rapidplay Championship 2023"]
[Site "Mercure Bradford, Bankfield Hotel"]
[Date "2023.04.15"]
[Round "4.5"]
[White "Ashton, Adam G"]
[Black "Nicholson, Jim WR"]
[Result "1-0"]
[TimeControl "15 minutes plus 10 seconds per move"]
[WhiteElo "2390"]
[BlackElo "1958"]

1. e4 c6 2. d4 d5 3. e5 c5 4. dxc5 e6 5. a3 Bxc5 6. b4 Bb6 7. Nf3 Ne7 8. Bd3 Nbc6 9. O-O Ng6 10.
Bb2 Bc7 11. Re1 b6 12. Nbd2 Bb7 13. Rc1 O-O 14. c4 Nce7 15. cxd5 Nxd5 16. Ne4 Rc8 17. Bb1 Bb8 18. Rxc8 Qxc8 19.
Nd6 Qd7 20. Nxb7 Qxb7 21. Be4 Rd8 22. Ng5 Qe7 23. Qg4 Ndf4 24. Nxh7 Kxh7 25. Qxf4 Kg8 26. Qg3 Nf8 27. h4 Qd7 28.
Bc3 f6 29. h5 f5 30. Bb1 Qf7 31. h6 Qg6 32. hxg7 Qxg7 33. Qxg7+ Kxg7 34. f4 Ng6 35. g3 Ne7 36. Ba2 Rd3 37.
Rc1 Rxg3+ 38. Kf2 Rd3 39.
Bxe6 Ng6 40. Bxf5 Rxc3 41. Rxc3 Nxf4 42. e6 Kf6 43. Bg4 Ke7 44. Rc8 Bd6 45. Ra8 Nxe6 46. Bxe6 Kxe6 47. Rxa7 Be5 48. Ke3 Kd5 49. Kd3 Kc6 50.
a4 Bd6 51. Kc4 Bb8 52. b5+ Kd6 53. Rb7 Bc7 54. Kd4 Bd8 55. Rh7 Bf6+ 56. Kc4 Bg5 57. Rg7 Be3 58. Rg6+ Kc7 59. Kd5 Bf2 60.
Rg7+ Kc8 61. Kc6 Kd8 62. a5 bxa5 63. b6 a4 64. b7 Ba7 65. Rg8+ 1-0

[Event "British Rapidplay Championship 2023"]
[Site "Mercure Bradford, Bankfield Hotel"]
[Date "2023.04.15"]
[Round "4.6"]
[White "Edwards-Wright, Miles D"]
[Black "Pitcher, John"]
[Result "1/2-1/2"]
[TimeControl "15 minutes plus 10 seconds per move"]
[WhiteElo "1937"]
[BlackElo "2358"]

1. g3 d5 2. Bg2 Nf6 3. d3 c6 4. b3 Bf5 5. Bb2 e6 6. Nd2 Be7 7. Ngf3 h6 8. O-O O-O 9. Ne5 a5 10.
e4 Bh7 11. a3 dxe4 12. Nxe4 Na6 13. Ng4 Nxe4 14. dxe4 Qxd1 15. Raxd1 Rfd8 16. Ne3 Nc5 17. f3 b5 18. Rxd8+ Rxd8 19.
Rd1 Rxd1+ 20. Nxd1 Kf8 21. Kf2 f6 22. Ke3 Ke8 23. Nf2 e5 24. Nd3 Bg8 25. f4 Nxd3 26. Kxd3 Bd6 27. f5 Bc5 28.
Bf3 Bf7 29. g4 Kd7 30. Bc1 Bf2 31. Be3 Bxe3 32. Kxe3 Kd6 33. Bd1 Kc5 34. Kd3 b4 35. a4 Kd6 36. c4 bxc3 37. Kxc3 Kc5 1/2-1/2

[Event "British Rapidplay Championship 2023"]
[Site "Mercure Bradford, Bankfield Hotel"]
[Date "2023.04.15"]
[Round "4.7"]
[White "Walker, David J"]
[Black "Vijayakumar, Rishi"]
[Result "1/2-1/2"]
[TimeControl "15 minutes plus 10 seconds per move"]
[WhiteElo "2250"]
[BlackElo "1770"]

1. c4 e5 2. Nc3 Nf6 3. g3 d5 4. cxd5 Nxd5 5. Bg2 Nb6 6. e3 Nc6 7. Nge2 Be6 8. d4 exd4 9. exd4 Nd5 10.
O-O Be7 11. Be3 O-O 12. Rc1 Nxc3 13. Nxc3 Nb4 14. a3 Nd5 15. Nxd5 Bxd5 16. Bxd5 Qxd5 17. Rxc7 Bd6 18. Rc3 Rac8 19.
Rxc8 Rxc8 20. Qd2 Qc4 21. Rc1 Qxc1+ 22. Qxc1 Rxc1+ 23. Bxc1 Kf8 24. Kg2 Ke7 25.
Kf3 Ke6 26. Ke4 f5+ 27. Kd3 Kd5 28.
Bd2 Be7 29. f3 Bf6 30. Be3 g6 31. b3 a6 32. a4 Bg7 33. h3 Bf6 34. g4 h5 35. gxh5 gxh5 36. Kc3 Bg7 37. Kd3 1/2-1/2

[Event "British Rapidplay Championship 2023"]
[Site "Mercure Bradford, Bankfield Hotel"]
[Date "2023.04.15"]
[Round "4.8"]
[White "Mosnegutu, Klauss"]
[Black "Lau, Luke"]
[Result "0-1"]
[TimeControl "15 minutes plus 10 seconds per move"]
[WhiteElo "2229"]
[BlackElo "1917"]

1. d4 d5 2. c4 e6 3. Nc3 Nf6 4.
Bg5 Be7 5. e3 h6 6. Bh4 dxc4 7. Bxc4 c5 8. dxc5 Qxd1+ 9. Rxd1 Nbd7 10. Nb5 O-O 11.
Nf3 Nxc5 12. O-O a6 13. Nd6 b5 14. b4 Bxd6 15. bxc5 Bxc5 16. Bxf6 gxf6 17. Bb3 Bb7 18. Rd7 Be4 19.
Rc1 Rfc8 20. h3 a5 0-1

[Event "British Rapidplay Championship 2023"]
[Site "Mercure Bradford, Bankfield Hotel"]
[Date "2023.04.15"]
[Round "4.9"]
[White "McCarthy, Damian M"]
[Black "Surtees, Mike J"]
[Result "1-0"]
[TimeControl "15 minutes plus 10 seconds per move"]
[WhiteElo "1860"]
[BlackElo "2111"]

1. e4 c6 2. d4 d5 3.
Nd2 dxe4 4. Nxe4 Bf5 5. Ng3 Bg6 6. h4 h6 7. Nf3 Nd7 8. h5 Bh7 9. Bd3 Bxd3 10. Qxd3 Ngf6 11. Bd2 e6 12.
O-O-O Bd6 13. Kb1 Qc7 14. Ne4 Nxe4 15. Qxe4 Nf6 16. Qe2 O-O-O 17. g3 Kb8 18. c4 Ka8 19. Bc3 c5 20. dxc5 Bxc5 21. Ne5 a6 22. g4 Rhf8 23.
f4 Rd6 24. g5 Ng8 25. Nd3 Bd4 26. Bb4 Rfd8 27. Bxd6 Rxd6 28. Ne5 hxg5 29. Nf3 Bc5 30. fxg5 Ne7 31. h6 gxh6 32. gxh6 Rxd1+ 33. Qxd1 Ng6 34. h7 Qc8 35. Ne5 Nh8 36. Qg4 Qc7 37. Qd1 1-0

[Event "British Rapidplay Championship 2023"]
[Site "Mercure Bradford, Bankfield Hotel"]
[Date "2023.04.15"]
[Round "4.10"]
[White "Walton, Alan J"]
[Black "Coles, Steven F"]
[Result "1-0"]
[TimeControl "15 minutes plus 10 seconds per move"]
[WhiteElo "2105"]
[BlackElo "1969"]

1. d4 Nf6 2. Bg5 g6 3. Nc3 Bg7 4. e4 d6 5. Qd2 c6 6. h3 Qa5 7. Nf3 Nbd7 8. Be2 b5 9. e5 b4 10.
exf6 bxc3 11. fxg7 cxd2+ 12. Bxd2 Qxd2+ 13. Kxd2 Rg8 14. c4 Rxg7 15. Rhe1 Nf6 16. Bd3 Rb8 17. b3 Nh5 18. Ng5 Nf4 19.
Bf1 f6 20. Ne4 Kf7 21. Re3 Bd7 22. Rae1 Re8 23. g3 Ne6 24.
Kc3 Nc7 25. Bg2 Rgg8 26. h4 h6 27. b4 f5 28. Nd2 e6 29. Nb3 Na6 30. a4 Rc8 31. d5 cxd5 32. Bxd5 Rge8 33. Bb7 Nc7 34.
Bxc8 Rxc8 35. Kd3 e5 36. f3 Bxa4 37.
Nd2 Rb8 38. Ra1 Rxb4 39. Kc3 Na6 40. Ree1 d5 41. Rxe5 dxc4 42. Ra5 1-0

[Event "British Rapidplay Championship 2023"]
[Site "Mercure Bradford, Bankfield Hotel"]
[Date "2023.04.15"]
[Round "4.11"]
[White "Eckersley-Waites, Tom"]
[Black "Cheng, Louis"]
[Result "1-0"]
[TimeControl "15 minutes plus 10 seconds per move"]
[WhiteElo "2304"]
[BlackElo "1617"]

1. e4 c5 2. Nf3 g6 3. Bc4 Bg7 4. c3 e6 5. d4 cxd4 6. Nxd4 Ne7 7. Nb5 d5 8. exd5 exd5 9. Bf4 O-O 10.
Nc7 dxc4 11. Qxd8 Rxd8 12. Nxa8 Nd5 13. Bxb8 Bg4 14. f3 Bxf3 15. gxf3 Rxb8 16. Na3 b5 17. O-O-O Ne3 18. Nc7 b4 19.
cxb4 Nxd1 20. Rxd1 Rxb4 21. Rd8+ Bf8 22. Nd5 Rb7 23. Nxc4 Kg7 24. Kc2 Be7 25. Re8 Bf6 26. b4 Rd7 27.
Rg8+ Kh6 28. Nxf6 Rd4 29. Ne3 Rxb4 30. Rh8 Kg5 31. Nxh7+ Kh6 32. Nf6+ Kg5 33. Ne4+ Kf4 34. Nd5+ Kxf3 35.
Nd2+ Kg2 36. Nxb4 f5 37. Kd1 f4 38. Ke2 Kh1 39. Kf1 g5 40. Nd3 g4 41. Nf2 1-0

[Event "British Rapidplay Championship 2023"]
[Site "Mercure Bradford, Bankfield Hotel"]
[Date "2023.04.15"]
[Round "4.13"]
[White "Hutchinson, Paul A"]
[Black "Sivanandan, Bodhana"]
[Result "0-1"]
[TimeControl "15 minutes plus 10 seconds per move"]
[WhiteElo "2184"]
[BlackElo "1561"]

1. d4 d5 2. Bf4 Nf6 3. e3 c5 4. Nf3 Nc6 5. Nbd2 Bf5 6. dxc5 e6 7. Nd4 Bxc5 8. Nxf5 exf5 9. c3 O-O 10. Nb3 Bd6 11. Bxd6 Qxd6 12.
Qf3 Qe5 13. Bd3 Ne4 14. O-O Rad8 15. Rad1 g6 16. Qf4 Qxf4 17. exf4 Rfe8 18. Bc2 b6 19. Rfe1 Nf6 20. Rxe8+ Rxe8 21.
Kf1 Kf8 22. f3 Ke7 23. Kf2 Kd6 24. g3 b5 25. Nd2 a6 26. a4 Re7 27. Ra1 Ra7 28. Bd3 b4 29. c4 d4 30. a5 Nd7 31.
Bc2 Nc5 32. Ba4 Nxa5 33. Bc2 Nc6 34. Ba4 Nxa4 35. Rxa4 Kc5 36. Ra1 a5 37. Re1 a4 38. Rc1 b3 39. Ra1 Kb4 40. Rc1 a3 41. bxa3+ Rxa3 42. Ke2 b2 43. Rc2 d3+ 44. Kd1 Ra1+ 0-1

[Event "British Rapidplay Championship 2023"]
[Site "Mercure Bradford, Bankfield Hotel"]
[Date "2023.04.15"]
[Round "4.14"]
[White "Watson, Phil R"]
[Black "Bak, Andrew"]
[Result "1-0"]
[TimeControl "15 minutes plus 10 seconds per move"]
[WhiteElo "2144"]
[BlackElo "1959"]

1. d4 Nf6 2. c4 g6 3. Nc3 Bg7 4. e4 d6 5. f3 O-O 6. Bg5 c5 7. d5 Qa5 8. Qd2 a6 9. Nge2 b5 10.
Nc1 b4 11. Nd1 Qc7 12. Ne3 h6 13. Bh4 Kh7 14. Be2 Nbd7 15. Nd3 a5 16. O-O a4 17. Rac1 Ne5 18. Nxe5 dxe5 19. Rfd1 Ne8 20. Bd3 Nd6 21. Bg3 g5 22.
h4 Bf6 23. hxg5 hxg5 24. Nf5 Kg6 25.
Qc2 Bd7 26. Kf2 Rh8 27. Rh1 Rag8 28. b3 a3 29. Qb1 Qc8 30.
Bxe5 Nxf5 31. exf5+ Bxf5 32. Bxf5+ Qxf5 33. Bxf6 Qxb1 34. Rxb1 Kxf6 35. Rhe1 Rd8 36. Re2 e6 37. dxe6 fxe6 38.
Rbe1 Rhe8 39. Kg3 Rd4 40. Re5 Rd2 41. R1e2 Rxe2 42. Rxe2 Rd8 43. Kf2 e5 44. g4 Rd3 45. Re3 Rd2+ 46. Re2 Rb2 47. Ke3 Ke6 48. Kd3 Kf6 49. Rxb2 axb2 50. Kc2 e4 51. fxe4 Ke5 52. Kxb2 Kf4 53. e5 Kxe5 54. a4 bxa3+ 55. Kxa3 Kf4 56.
b4 cxb4+ 57. Kxb4 Kxg4 58. c5 Kf3 59. c6 g4 60. c7 g3 61. c8=Q g2 62. Qf5+ Ke2 63.
Qg4+ Kf1 64. Qf3+ Kg1 65. Kc3 1-0

[Event "British Rapidplay Championship 2023"]
[Site "Mercure Bradford, Bankfield Hotel"]
[Date "2023.04.15"]
[Round "4.16"]
[White "Smith, Andrew P"]
[Black "Fava, Lorenzo"]
[Result "0-1"]
[TimeControl "15 minutes plus 10 seconds per move"]
[WhiteElo "2125"]
[BlackElo "1728"]

1. e4 g6 2. d4 Bg7 3. Nc3 d6 4. Be3 Nf6 5. Qd2 O-O 6. Bh6 c5 7. Bxg7 Kxg7 8. d5 a6 9. h4 h5 10.
Nf3 b5 11. Ng5 b4 12. Nd1 e6 13. Ne3 exd5 14. exd5 Ng4 15. Be2 Nxe3 16. Qxe3 Re8 17. Qf3 Ra7 18. Ne4 Bf5 19. Ng3 Bg4 20.
Qd3 Bxe2 21. Nxe2 Rae7 22. O-O-O Rxe2 23. g4 Rxf2 24. gxh5 Ree2 25. hxg6 Rxc2+ 26. Qxc2 Rxc2+ 27. Kxc2 fxg6 28. h5 Qg5 29. hxg6 Qf5+ 30.
Kb3 Nd7 31. Rhg1 Ne5 32. Rgf1 Qe4 33. Ka4 Qc4 34. a3 b3+ 35. Ka5 Qb5# 0-1

[Event "British Rapidplay Championship 2023"]
[Site "Mercure Bradford, Bankfield Hotel"]
[Date "2023.04.15"]
[Round "4.18"]
[White "Zhao, George"]
[Black "Ortiz Sanchez, Luis"]
[Result "1-0"]
[TimeControl "15 minutes plus 10 seconds per move"]
[WhiteElo "1675"]
[BlackElo "1888"]

1. d4 f5 2. c4 Nf6 3. Nc3 g6 4. g3 Bg7 5. Bg2 d6 6. Nh3 O-O 7. Nf4 c6 8. d5 e5 9. dxe6 Qe7 10.
Qb3 Na6 11. O-O Nc5 12. Qc2 Bxe6 13. b4 Ncd7 14. Nxe6 Qxe6 15. Na4 Ne5 16. c5 d5 17. Bb2 Nc4 18. Bc3 Na3 19. Qd3 Nc4 20. Nb2 Rad8 21. Nxc4 dxc4 22.
Qc2 Rfe8 23. e3 Rd3 24. Rac1 Red8 25. Bd4 Ra3 26. Qb2 Ra4 27. Rfe1 c3 28. Qxc3 Rxa2 29. Bf1 Nd5 30. Bc4 Bxd4 31.
exd4 Nxc3 32. Bxe6+ Kf8 33. Bxa2 Nxa2 34. Rc4 Re8 35. Kf1 Re7 36. Ra1 1-0

[Event "British Rapidplay Championship 2023"]
[Site "Mercure Bradford, Bankfield Hotel"]
[Date "2023.04.15"]
[Round "4.20"]
[White "Buckley, Colm"]
[Black "Mazek, Marek"]
[Result "0-1"]
[TimeControl "15 minutes plus 10 seconds per move"]
[WhiteElo "1870"]
[BlackElo "2052"]

1. d4 Nf6 2. Nf3 d5 3. c4 c6 4. e3 a6 5. Nc3 e6 6. Bd3 dxc4 7. Bxc4 b5 8. Be2 Nbd7 9. O-O c5 10.
dxc5 Bxc5 11. a3 Bb7 12. b4 Be7 13. Bb2 O-O 14. Qb3 Qb6 15. Rfd1 Rad8 16. Rac1 Qa7 17. a4 bxa4 18. Qxa4 Qa8 19.
Qa5 Qb8 20. Ba3 Bd6 21. h3 Bc7 22. Qa4 Nb6 23. Qb3 Rxd1+ 24. Rxd1 Rd8 25. Rxd8+ Qxd8 26. Qc2 Qd6 27. Qd3 Nbd5 28.
Nxd5 Qxd5 29. Qxd5 Nxd5 30. Nd4 e5 31. Nb3 Nc3 32. Bc4 Nb5 33. Bb2 Kf8 34. Nc5 Bc8 35. Kf1 Ke7 36. Ke2 f6 37.
f3 Bb6 38. Nd3 Nd6 39. Bd5 Bd7 40. h4 h5 41. g3 Bb5 42. Kd2 Nf5 43. e4 Nxg3 0-1

[Event "British Rapidplay Championship 2023"]
[Site "Mercure Bradford, Bankfield Hotel"]
[Date "2023.04.15"]
[Round "4.21"]
[White "Larchikov, Maksym"]
[Black "Gopakumar, Siddharth"]
[Result "1/2-1/2"]
[TimeControl "15 minutes plus 10 seconds per move"]
[WhiteElo "1871"]
[BlackElo "1735"]

1. d4 d5 2. Nf3 Nf6 3. c4 c6 4. e3 g6 5. Nc3 Bg7 6. Bd3 O-O 7. O-O dxc4 8. Bxc4 Bg4 9. h3 Bxf3 10.
Qxf3 Nbd7 11. Rd1 e5 12. d5 e4 13. Nxe4 Nxe4 14. Qxe4 Nb6 15. Bb3 Re8 16. Qf3 cxd5 17. Bxd5 Nxd5 18.
Qxd5 Qxd5 19. Rxd5 Red8 20. Rxd8+ Rxd8 21. Kf1 Rd1+ 22. Ke2 Rg1 23. g3 1/2-1/2

[Event "British Rapidplay Championship 2023"]
[Site "Mercure Bradford, Bankfield Hotel"]
[Date "2023.04.15"]
[Round "4.22"]
[White "May, Paul"]
[Black "Kisteneva, Liza"]
[Result "0-1"]
[TimeControl "15 minutes plus 10 seconds per move"]
[WhiteElo "1652"]
[BlackElo "2040"]

1. d4 d5 2. c4 c6 3. Nc3 Nf6 4. e3 Nbd7 5. Nf3 e6 6. Qc2 Bd6 7. g4 Nxg4 8. Rg1 h5 9. h3 Nh6 10.
Rxg7 Qf6 11. Rh7 Rxh7 12. Qxh7 Nf8 13. Qc2 Qxf3 14. e4 Ng8 15. exd5 exd5 16. cxd5 cxd5 17. Qe2+ Qxe2+ 18. Bxe2 Bb4 19.
Bxh5 Bxh3 20. Be3 Nf6 21. Be2 Ne4 22. Bd2 Nxd2 23. Kxd2 Ne6 24. a3 Bxc3+ 25. bxc3 Ke7 26. Rb1 b6 27.
Bf3 Kd6 28. Ke3 Rc8 29. Rc1 Rc4 30. Be2 Ra4 31. Ra1 Nc7 32. f4 Bd7 33. Kd2 Bb5 34. Bd1 Ra5 35. Bh5 f6 36. Kc2 Ba4+ 37.
Kd3 Bb3 38. Bf7 Nb5 39. Rb1 Rxa3 40. Be8 0-1

[Event "British Rapidplay Championship 2023"]
[Site "Mercure Bradford, Bankfield Hotel"]
[Date "2023.04.15"]
[Round "4.23"]
[White "Mikalajunas, Kajus"]
[Black "Slinger, AJ (Tony)"]
[Result "1-0"]
[TimeControl "15 minutes plus 10 seconds per move"]
[WhiteElo "1778"]
[BlackElo "1841"]

1. e4 c5 2. c3 Nf6 3. e5 Nd5 4. d4 cxd4 5.
cxd4 d6 6. Nf3 e6 7. Bd3 Nc6 8. O-O Bd7 9. Nc3 Nxc3 10. bxc3 dxe5 11. dxe5 Be7 12. Qe2 h6 13. Bf4 Na5 14.
Rfd1 Qc7 15. Nd4 a6 16. Rab1 Nc6 17. Be4 Rc8 18. Qg4 Kf8 19. Qf3 Ke8 20. Bg3 Rb8 21. Nxc6 bxc6 22. Rxb8+ Qxb8 23.
Bxc6 Bxc6 24. Qxc6+ Kf8 25. Qxa6 g6 26. h4 Kg7 27. Rd7 Re8 28. a4 g5 29. hxg5 hxg5 30. Qb7 1-0

[ePGN "0.1;DGT LiveChess/2.2.5"]